Map: Miner Evacuation

Players

MattBarry

  • Race: Terran Terran
  • Spawn Location: 7:00

MattBarry

  • Race: Zerg Zerg
  • Spawn Location: 7:00

VOD

Have the link to the VOD?

Description

Time

  • Played on: Dec. 23, 2022, 12:25 a.m.
  • Length: 21:52
Show
View Real Time Build Order
Export as new Build Order

MattBarry Terran 

Build Orders:  

Get SALT Encoding   

  12  0:03  SCV  
  13  0:16  SCV  
  14  0:30  SCV  
  14  0:38  Supply Depot  
  15  1:03  Factory  
  15  1:07  SCV  
  16  1:21  SCV  
  16  1:23  Refinery  
  17  1:31  Supply Depot  
  17  1:35  SCV  
  18  1:48  SCV  
  19  1:58  Hellbat  
  19  2:02  SCV  
  22  2:23  SCV  
  22  2:29  Factory Reactor  
  23  2:36  SCV  
  23  2:37  Refinery  
  24  2:42  Supply Depot  
  24  2:50  SCV  
  25  3:04  SCV  
  26  3:17  Factory  
  26  3:18  SCV  
  27  3:22  Hellion x2  
  27  3:29  Hellion  
  31  3:30  Supply Depot  
  31  3:39  SCV  
  32  4:04  SCV  
  33  4:10  Goliath x2  
  33  4:18  SCV  
  38  4:22  Factory Tech Lab  
  38  4:33  SCV  
  39  5:16  Siege Tank  
  42  5:29  Hellbat x2  
  46  5:52  Infernal Pre-Igniter  
  46  6:01  SCV  
  46  6:05  Factory  
  46  6:06  Factory  
  41  6:10  Supply Depot  
  41  6:11  Supply Depot  
  41  6:15  SCV  
  41  6:16  Supply Depot  
  40  6:30  Hellbat x2  
  40  6:42  Hellbat  
  40  6:54  Hellbat x2  
  40  7:03  Hellbat x2  
  48  7:15  Infernal Plating  
  48  7:39  Factory Tech Lab x2  
  48  7:40  Goliath  
  48  7:45  Goliath  
  52  8:06  Armory  
  52  8:08  Ares-Class Targeting System  
  52  8:19  Maelstrom Rounds  
  52  8:31  Goliath  
  52  8:39  Siege Tank  
  57  8:43  Siege Tank  
  57  8:51  Siege Tank  
  60  9:00  Terran Vehicle and Ship Weapons Level 1  
  60  10:02  Siege Tank x3  
  69  10:23  Goliath  
  71  10:35  Supply Depot  
  71  10:36  Supply Depot  
  71  10:38  Supply Depot  
  71  10:56  Goliath  
  73  11:23  Siege Tank x2  
  73  11:24  Siege Tank  
  73  11:25  Goliath  
  84  11:35  Siege Tank x6  
  84  11:46  Terran Vehicle And Ship Armor Level 1  
  84  12:04  Starport  
  84  13:08  Goliath  
  84  13:09  Goliath, Siege Tank  
  91  13:40  Siege Tank  
  91  13:48  Siege Tank  
  95  14:10  Command Center  
  87  14:39  Starport Tech Lab  
  76  14:40  Starport, Siege Tank x4  
  74  14:50  Multi-Lock Weapons System  
  74  15:04  Hellbat  
  74  15:05  Hellbat x2  
  74  15:06  Hellbat  
  74  15:07  Siege Tank  
  85  15:46  Hellbat x3  
  85  15:47  Hellbat  
  85  15:50  Siege Tank  
  96  16:07  Starport Reactor  
  96  16:11  Supply Depot  
  96  16:13  Supply Depot  
  96  16:16  Supply Depot  
  96  16:18  Science Vessel  
  95  16:42  Hellbat x2  
  95  16:44  Siege Tank  
  86  17:21  Siege Tank  
  86  17:28  SCV x2  
  91  17:42  SCV x2  
  93  17:55  SCV  
  93  17:56  SCV  
  95  18:00  Hellbat x2, Siege Tank  
  95  18:01  Siege Tank  
  105  18:23  Refinery  
  105  18:26  Refinery  
  105  18:32  Hellbat x2  
  105  18:37  Siege Tank  
  112  19:13  Hellbat  
  112  19:14  Hellbat  
  114  19:22  Goliath x2  
  114  19:24  Goliath  
  122  19:43  Goliath  
  124  19:50  SCV x2  
  124  19:54  Siege Tank  
  129  20:04  SCV x2  
  131  20:17  SCV  
  131  20:18  SCV  
  133  20:34  Hellbat x2  
  133  20:46  Supply Depot  
  133  20:47  Supply Depot  
  133  20:49  Supply Depot  
  133  20:56  Supply Depot  
Show
View Real Time Build Order
Export as new Build Order

MattBarry Zerg 

Build Orders:  

Get SALT Encoding   

  12  0:04  Drone  
  13  0:23  Overlord  
  13  0:26  Drone  
  14  0:43  Drone, Extractor  
  14  0:51  Drone x2  
  14  0:52  Drone  
  17  1:17  Drone  
  17  1:18  Drone x3  
  21  1:34  Roach Warren  
  20  1:43  Drone  
  20  1:45  Drone  
  22  1:54  Overlord  
  22  2:34  Drone  
  22  2:37  Drone x2  
  22  2:39  Drone x2  
  27  3:02  Glial Reconstitution  
  27  3:07  Roach Warren  
  26  3:19  Overlord  
  26  3:21  Drone  
  26  3:25  Roach  
  29  3:37  Extractor  
  24  3:50  Hydriodic Bile  
  28  4:29  Drone x3  
  31  4:30  Roach, Drone x2  
  31  4:31  Roach  
  31  4:36  Overlord  
  31  4:37  Overlord  
  37  4:48  Evolution Chamber  
  36  4:51  Evolution Chamber  
  35  5:39  Zerg Missile Weapons Level 1  
  35  5:41  Zerg Ground Armor Level 1  
  35  6:32  Roach x4  
  35  6:33  Roach x5  
  51  6:53  Roach  
  53  7:26  Roach  
  53  8:09  Overlord x2  
  53  8:10  Overlord  
  53  8:25  Hatchery  
  52  8:52  Roach x12  
  52  9:13  Roach  
  52  9:14  Roach x8  
  70  10:18  Roach  
  70  10:19  Roach x6  
  84  10:46  Overlord x2  
  84  11:25  Roach  
  84  11:26  Roach x4  
  94  11:35  Lair  
  94  12:21  Hatchery  
  93  12:42  Roach  
  93  12:44  Roach x32  
  93  13:04  Brutalisk  
  93  13:43  Spire  
  93  13:49  Roach  
  94  13:50  Roach x2  
  94  13:51  Overlord x3  
  94  13:52  Overlord  
  98  14:03  Overlord  
  98  14:33  Overseer  
  98  14:35  Overseer  
  96  15:10  Drone x3  
  96  15:11  Drone  
  96  15:12  Overlord x4  
  96  15:13  Overlord  
  96  15:14  Mutalisk x2  
  96  15:16  Mutalisk x4  
  96  15:17  Mutalisk x5  
  96  15:18  Mutalisk x3  
  128  16:12  Drone x4  
  128  16:13  Drone x3  
  128  16:14  Overseer, Drone  
  136  16:32  Zerg Missile Weapons Level 2  
  136  16:33  Zerg Ground Armor Level 2  
  136  16:40  Roach x2  
  136  16:41  Roach  
  138  17:20  Drone  
  138  17:21  Drone x7  
  138  17:23  Overlord x2  
  138  17:24  Overlord  
  138  17:25  Overseer  
  146  17:39  Unknown  
  146  17:52  Rapid Regeneration  
  146  18:02  Spire  
  133  18:45  Roach x5  
  143  18:53  Roach x2  
  143  18:54  Roach x8  
  163  19:46  Roach x3  
  163  19:47  Roach x4  
  163  19:48  Roach x4  
  163  19:49  Roach  
  183  20:27  Roach  
  183  20:31  Mutalisk  
  183  20:32  Mutalisk x7  
  189  20:49  Brutalisk  
Tags
 
Commander
AbathurSwann
Matchup
Co-op
Replay Pack
Multiplayer
Add a new tag
Caveats
  • Supply blocks, unpowered buildings, or Contaminate may cause inaccurate times.
  • Supply counts are checked every 10 seconds.